 Dungeon Crawl Stone Soup version 0.27-a0-1528-g90fbb72469 (webtiles) character file.

Game seed: 4442598352624553520

22326 Essalna the Zephyrmancer (level 12, -9/76 HPs)
             Began as a Tengu Air Elementalist on July 11, 2021.
             Was a Priest of Vehumet.
             Mangled by a komodo dragon (23 damage)
             ... on level 4 of the Lair of Beasts.
             The game lasted 00:26:58 (19116 turns).

Essalna the Zephyrmancer (Tengu Air Elementalist)  Turns: 19116, Time: 00:26:59

Health: -9/76      AC:  5    Str:  9    XL:     12   Next: 99%
Magic:  5/45       EV: 21    Int: 20    God:    Vehumet [***...]
Gold:   675        SH:  0    Dex: 15    Spells: 27/32 levels left

rFire    . . .     SeeInvis .   l - +3 dagger (speed)
rCold    + . .     Faith    +   (no shield)
rNeg     . . .     Spirit   .   Q - +2 robe {rC+}
rPois    .         Reflect  .   (helmet restricted)
rElec    .         Harm     .   z - +0 cloak
rCorr    .         Rampage  .   (no gloves)
Will     .....                  (boots unavailable)
Stlth    +++.......             Y - amulet "Onevaiw" {Faith Regen+ Stlth+}
HPRegen  1.22/turn              h - ring of magical power
MPRegen  0.29/turn              d - ring of magical power

@: flying quickly and evasively, quick
A: beak, talons 3, nimble flight
a: Renounce Religion


You were on level 4 of the Lair of Beasts.
You worshipped Vehumet.
Vehumet was most pleased with you.
You visited 3 branches of the dungeon, and saw 14 of its levels.

You collected 675 gold pieces.

Inventory:

Hand Weapons
 e - a +5 dagger
 l - a +3 dagger of speed (weapon)
Missiles
 p - 4 throwing nets
 C - 2 atropa-tipped darts
 J - 5 curare-tipped darts
 R - 7 boomerangs of dispersal
Armour
 a - a +0 robe
 k - a +1 leather armour of fire resistance
 u - the +1 leather armour of Love and Death {rF+}
   (You found it on level 4 of the Dungeon)

   rF:        It protects you from fire.
 z - a +0 cloak (worn)
 Q - a +2 robe of cold resistance (worn)
Magical Staves
 v - a staff of fire
Jewellery
 d - a ring of magical power (right hand)
 h - a ring of magical power (left hand)
 x - a +6 ring of strength
 O - a ring of ice
 V - a ring of positive energy
 Y - the amulet "Onevaiw" (around neck) {Faith Regen+ Stlth+}
   (You found it on level 3 of the Lair of Beasts)

   [amulet of faith]

   It allows you to gain divine favour quickly.
   Regen:     It increases your rate of health regeneration.
   Stlth:     It makes you more stealthy.
 Z - a +4 ring of slaying
Wands
 b - a wand of paralysis (6)
 o - a wand of iceblast (29)
 I - a wand of polymorph (20)
 L - a wand of acid (11)
 N - a wand of charming (16)
 T - a wand of digging (4)
Scrolls
 g - 7 scrolls of magic mapping {unknown}
 i - 3 scrolls of amnesia {unknown}
 j - a scroll of summoning {unknown}
 m - a scroll of blinking {unknown}
 n - 2 scrolls of holy word {unknown}
 s - 3 scrolls of immolation {unknown}
 y - a scroll of torment {unknown}
 E - 2 scrolls of noise {unknown}
 G - 3 scrolls of vulnerability {unknown}
 M - a scroll of acquirement {unknown}
 S - 3 scrolls of identify
 U - a scroll of enchant armour {unknown}
 X - a scroll of brand weapon {unknown}
Potions
 c - 3 potions of mutation
 f - 3 potions of brilliance {unknown}
 q - 3 potions of curing
 r - 4 potions of heal wounds
 t - 4 potions of lignification {unknown}
 w - a potion of degeneration
 A - a potion of ambrosia
 B - a potion of haste {unknown}
 D - a potion of flight
 F - a potion of cancellation {unknown}
 H - a potion of invisibility {unknown}
 K - a potion of might {unknown}
 P - 2 potions of berserk rage {unknown}


   Skills:
 + Level 9.4 Fighting
 - Level 5.1 Armour
 + Level 10.5 Dodging
 - Level 2.0 Stealth
 + Level 10.6 Spellcasting
 - Level 1.3 Conjurations
 + Level 14.6 Air Magic


You had 27 spell levels left.
You knew the following spells:

 Your Spells              Type           Power      Damage    Failure   Level
a - Shock                 Conj/Air       100%       1d9       1%          1
b - Airstrike             Air            31%        N/A       1%          4

Your spell library contained the following spells:

 Spells                   Type           Power      Damage    Failure   Level
 Iskenderun's Mystic Bla  Conj/Tloc      13%        2d5       13%         4
 Freeze                   Ice            40%        1d6       1%          1
 Magic Dart               Conj           64%        1d6       1%          1
 Poisonous Vapours        Pois/Air       80%        N/A       1%          2
 Static Discharge         Conj/Air       42%        N/A       1%          2
 Mephitic Cloud           Conj/Pois/Air  32%        N/A       1%          3
 Swiftness                Air            62%        N/A       1%          3
 Dazzling Flash           Conj/Hex       26%        N/A       4%          3
 Frozen Ramparts          Ice            20%        1d4       5%          3
 Animate Skeleton         Necr           20%        N/A       6%          1
 Pain                     Necr           40%        1d6       6%          1
 Sting                    Tmut/Pois      40%        1d5       6%          1
 Silence                  Hex/Air        20%        N/A       9%          5
 Call Imp                 Summ           10%        N/A       10%         2
 Passwall                 Tmut/Erth      8%         N/A       10%         2
 Hailstorm                Conj/Ice       13%        3d5       13%         4
 Olgreb's Toxic Radiance  Pois           10%        N/A       17%         4
 Tukima's Dance           Hex            10%        N/A       19%         3
 Vampiric Draining        Necr           5%         2d6       19%         3
 Yara's Violent Unravell  Hex/Tmut       5%         3d4       41%         5
 Passage of Golubria      Tloc           N/A        N/A       54%         4
 Agony                    Necr           10%        N/A       87%         5
 Invisibility             Hex            5%         N/A       100%        6


Dungeon Overview and Level Annotations

Branches:
Dungeon (9/15)             Temple (1/1) D:6            Lair (4/6) D:8
 Spider (0/4) Lair:2          Orc (0/2) D:9
  Swamp: Lair:2-4    Shoals: Lair:2-4

Altars:
Ashenzari
Cheibriados
Dithmenos
Elyvilon
Fedhas
Gozag
Hepliaklqana
Kikubaaqudgha
Makhleb
Nemelex Xobeh
Okawaru
Qazlal
Ru
Sif Muna
Trog
Uskayaw
Vehumet
Wu Jian
Xom
Yredelemnul
Zin
The Shining One

Shops:
D:2 (   D:7 [*(


Innate Abilities, Weirdness & Mutations

You have a beak for a mouth.
You have claws for feet.
Your magical nature lets you fly swiftly and evasively.


Message History

Aiming: Shock (safe; 1% risk of failure)
Press: ? - help, Shift-Dir - straight line The zap hits the elephant!
The elephant is almost dead.
The zap hits the elephant.
The elephant is almost dead.
The elephant tramples you!
You hold your ground!
The elephant completely misses you.
A black mamba comes into view.
The elephant misses you. x2
The bullfrog croaks.
The black mamba hisses angrily.
The elephant tramples you!
You are shoved backwards!
The black mamba bites you!
* * * LOW HITPOINT WARNING * * *
You are poisoned.
The black mamba poisons you!
* * * LOW HITPOINT WARNING * * *
You feel very sick. The black mamba barely misses you.
You feel very sick.
As you read the scroll of teleportation, it crumbles to dust.
You feel strangely unstable.
You feel very sick.
The black mamba barely misses you. x2; The elephant completely misses you.
The elephant barely misses you.
You feel better. The black mamba bites you.
* * * LOW HITPOINT WARNING * * *
The black mamba bites you!
* * * LOW HITPOINT WARNING * * *
The elephant misses you. x2
The black mamba barely misses you. The black mamba closely misses you.
Your surroundings suddenly seem different.
A four-headed hydra comes into view.
The four-headed hydra roars!
A komodo dragon comes into view.
The komodo dragon hisses angrily.
Found 23 bolts.
Found a stone staircase leading down.
The komodo dragon bites you!!
You die...

##########
.........##
..>.......#
..........
........D#
........(#
......l..##
.......@..#
.........##
..........#
..........#
..........#
.........##
.........#
........?#


You could see a four-headed hydra and a komodo dragon.

Vanquished Creatures
  Fannar (Lair:1)
  A hydra (Lair:3)
  Harold (D:9)
  A two-headed ogre (D:8)
  Pikel (D:8)
  An orb spider (Lair:2)
  An oklob plant (Lair:2)
  2 elephants
  Joseph (D:7)
  A black mamba (Lair:3)
  9 cane toads
  3 centaur zombies
  A gargoyle (D:7)
  Psyche (D:8)
  4 komodo dragons
  A troll (D:9)
  A polar bear (Lair:3)
  A hornet (D:9)
  Prince Ribbit (D:8)
  13 blink frogs
  Grinder (D:3)
  A shadow (D:9)
  3 wyverns
  4 basilisks (Lair:2)
  13 yaks
  A steam dragon (D:6)
  10 water moccasins
  3 black bears
  2 ice beasts
  3 orc warriors
  2 sky beasts
  7 centaurs
  4 ogres
  4 wolves (Lair:2)
  2 kobold brigands (D:7)
  A phantom (D:4)
  8 bullfrogs
  2 scorpions
  2 oklob saplings (D:9)
  3 killer bees (D:9)
  11 wights
  3 howler monkeys
  2 electric eels (Lair:2)
  A jelly (D:5)
  A centaur skeleton (D:6)
  A gnoll shaman (D:8)
  2 hounds
  8 orc priests
  Jessica (D:3)
  2 iguanas
  Ijyb (D:3)
  Natasha (thrice) (D:4)
  Terence (D:3)
  7 orc wizards
  A killer bee zombie (D:9)
  A hound skeleton (D:5)
  2 howler monkey zombies (D:8)
  12 gnolls
  9 adders
  2 adder skeletons (D:4)
  2 worms (D:2)
  2 dart slugs
  34 orcs
  10 bats
  11 endoplasms
  4 giant cockroaches
  5 goblins
  5 hobgoblins
  17 jackals
  4 quokkas
  14 ball pythons
  7 frilled lizards
  12 kobolds
  6 rats
326 creatures vanquished.

Vanquished Creatures (others)
  13 fungi
  59 plants
72 creatures vanquished.

Grand Total: 398 creatures vanquished

Notes
Turn   | Place    | Note
-------+----------+-------------------------------------------
     0 | D:1      | Essalna the Tengu Air Elementalist began the quest for the
                  | Orb.
     0 | D:1      | Reached XP level 1. HP: 10/10 MP: 4/4
   276 | D:1      | Reached XP level 2. HP: 15/15 MP: 3/6
   728 | D:1      | You fall into a shaft and drop 1 floor!
   958 | D:2      | Reached XP level 3. HP: 19/19 MP: 7/7
  1015 | D:2      | You fall into a shaft and drop 2 floors!
  1106 | D:3      | Reached skill level 5 in Air Magic
  1187 | D:2      | Found Hutad's Antique Weapon Boutique.
  1920 | D:1      | Reached XP level 4. HP: 24/24 MP: 9/9
  1931 | D:1      | Learned a level 4 spell: Airstrike
  2725 | D:3      | Noticed Grinder
  2746 | D:3      | Killed Grinder
  2747 | D:3      | Reached skill level 6 in Air Magic
  2747 | D:3      | Gained mutation: Your magical nature lets you fly swiftly
                  | and evasively. [Tengu growth]
  2747 | D:3      | Reached XP level 5. HP: 28/28 MP: 5/12
  2747 | D:3      | Reached XP level 6. HP: 32/32 MP: 5/13
  2903 | D:3      | Noticed Jessica
  2906 | D:3      | Killed Jessica
  2907 | D:3      | Reached skill level 7 in Air Magic
  3097 | D:3      | Noticed Ijyb
  3103 | D:3      | Killed Ijyb
  3650 | D:3      | Noticed Terence
  3656 | D:3      | Killed Terence
  4065 | D:4      | Reached XP level 7. HP: 30/36 MP: 15/15
  4220 | D:4      | Reached skill level 5 in Spellcasting
  4505 | D:4      | Found a shimmering blue altar of Sif Muna.
  4585 | D:4      | Reached skill level 8 in Air Magic
  4945 | D:4      | Identified the +1 leather armour of Love and Death {rF+}
  4964 | D:4      | Noticed Natasha
  4971 | D:4      | Killed Natasha
  5216 | D:4      | Noticed Natasha
  5220 | D:4      | Killed Natasha
  5329 | D:4      | Noticed Natasha
  5333 | D:4      | Killed Natasha
  5405 | D:5      | Entered Level 5 of the Dungeon
  5679 | D:5      | Reached skill level 9 in Air Magic
  5686 | D:5      | Reached XP level 8. HP: 37/41 MP: 17/17
  6572 | D:5      | Reached skill level 1 in Fighting
  6572 | D:5      | Reached skill level 1 in Armour
  7056 | D:6      | Reached skill level 10 in Air Magic
  7142 | D:6      | Reached XP level 9. HP: 49/49 MP: 2/20
  7318 | D:6      | Found a staircase to the Ecumenical Temple.
  7347 | Temple   | Entered the Ecumenical Temple
  8496 | D:7      | Found Udammeag's Weapon Boutique.
  8648 | D:7      | Noticed a gargoyle
  8801 | D:7      | Found Aqemaoschinugg's Antique Armour Boutique.
  8839 | D:7      | Found a white marble altar of Elyvilon.
  8842 | D:7      | Found a hazy altar of Hepliaklqana.
  8843 | D:7      | Found a radiant altar of Vehumet.
  8843 | D:7      | Found an ornate altar of the Wu Jian Council.
  8859 | D:7      | Became a worshipper of Vehumet
  8933 | D:7      | Found Zuduut's Lightly-Used Armoury.
  9049 | D:7      | Killed a gargoyle
  9050 | D:7      | Reached skill level 5 in Dodging
  9163 | D:7      | Reached skill level 11 in Air Magic
  9163 | D:7      | Reached XP level 10. HP: 51/58 MP: 7/22
  9437 | D:7      | Noticed Joseph
  9599 | D:7      | Killed Joseph
  9600 | D:7      | Reached skill level 5 in Armour
  9838 | D:8      | Noticed Pikel
  9841 | D:8      | Killed Pikel
  9848 | D:8      | Reached skill level 5 in Fighting
  9992 | D:8      | Found a staircase to the Lair.
 10001 | D:8      | Found an iron altar of Okawaru.
 10116 | D:8      | Noticed Prince Ribbit
 10120 | D:8      | Killed Prince Ribbit
 10461 | D:8      | Noticed a two-headed ogre
 10464 | D:8      | Killed a two-headed ogre
 10920 | D:8      | Noticed Psyche
 10923 | D:8      | Killed Psyche
 11058 | D:8      | Reached skill level 12 in Air Magic
 11246 | D:8      | Reached * piety under Vehumet
 11246 | D:8      | Offered knowledge of Sandblast by Vehumet.
 11725 | D:9      | Reached XP level 11. HP: 56/64 MP: 18/24
 12558 | D:9      | Offered knowledge of Foxfire by Vehumet.
 12574 | D:9      | Found a staircase to the Orcish Mines.
 12579 | D:9      | Reached ** piety under Vehumet
 12980 | D:9      | Noticed Harold
 12987 | D:9      | Killed Harold
 13614 | Lair:1   | Entered Level 1 of the Lair of Beasts
 13879 | Lair:1   | Noticed Fannar
 13886 | Lair:1   | Killed Fannar
 14631 | Lair:2   | Reached skill level 13 in Air Magic
 14651 | Lair:2   | Found a hole to the Spider Nest.
 14651 | Lair:2   | Noticed an orb spider
 15033 | Lair:2   | Offered knowledge of Conjure Flame by Vehumet.
 15413 | Lair:2   | Killed an orb spider
 15599 | Lair:2   | Found a snail-covered altar of Cheibriados.
 15605 | Lair:2   | Reached *** piety under Vehumet
 15848 | Lair:2   | Reached XP level 12. HP: 73/73 MP: 26/26
 16478 | Lair:2   | Reached skill level 10 in Spellcasting
 16697 | Lair:2   | Offered knowledge of Iskenderun's Mystic Blast by Vehumet.
 17333 | Lair:3   | Reached skill level 14 in Air Magic
 17735 | Lair:3   | Reached skill level 10 in Dodging
 17746 | Lair:4   | Noticed a four-headed hydra
 18049 | Lair:3   | Identified the amulet "Onevaiw" {Faith Regen+ Stlth+}
 18633 | Lair:3   | Noticed a seven-headed hydra
 18638 | Lair:3   | Killed a seven-headed hydra
 19115 | Lair:4   | Noticed a four-headed hydra
 19116 | Lair:4   | Mangled by a komodo dragon

Illustrated notes

Levels and vault maps discovered:
D:1:      matt_arrival_los_fun, layout_basic, minmay_misc_feat_roman,
          minmay_tromino_v4_a
D:2:      minmay_angry_zag, layout_basic, serial_shops, shop
D:3:      layout_loops_corners, uniq_grinder, uniq_terence, uniq_ijyb,
          uniq_jessica
D:4:      layout_loops_corners, nicolae_sif_muna_condensation, uniq_natasha
D:5:      layout_basic, minmay_misc_feat_cross, kennysheep_small_circle
D:6:      layout_basic, minmay_temple_entry_crystal_x
D:7:      layout_rooms, grunt_temple_overflow_open, serial_shops,
          nicolae_stop_n_shop_2, kennysheep_mini_moat, minmay_shop_damaged,
          uniq_joseph
D:8:      layout_cave_pods, general_overflow_altar, lair_entry_dummy,
          uniq_pikel, uniq_psyche, uniq_prince_ribbit1
D:9:      layout_loops_ring, david_orc_3, serial_aquarium,
          aquarium_bridge_square [aquarium_subvault_balcony,
          aquarium_subvault_wall, aquarium_subvault_bridge,
          aquarium_subvault_bridge], aquarium_bridge_square
          [aquarium_subvault_balcony, aquarium_subvault_balcony,
          aquarium_subvault_bridge, aquarium_subvault_bridge],
          aquarium_window_fake, aquarium_window_fake, aquarium_window_2,
          aquarium_view_4, aquarium_pool_side, chequers_serial_rivers_large_a,
          introduction_to_nature_2, uniq_harold
Temple:   minmay_temple_bridge_d
Lair:1:   layout_roguey, uniq_fannar
Lair:2:   layout_long_grid, nicolae_spider_entry_orb_guardian,
          lemuel_centaur_altar, minmay_lair_oklob_chamber, wad_woods_river_01,
          serial_bayou_shore_a
Lair:3:   layout_cave_shapes, minmay_stone_trees_medium
Lair:4:   layout_hall_layers, nicolae_swamp_entry_splash_gauntlet,
          grunt_megastairs_5, infiniplex_staircase_pool_2

Skill      XL: |  1  2  3  4  5  6  7  8  9 10 11 12 |
---------------+-------------------------------------+-----
Air Magic      | 5 6 7 9 10 11 12 13 14 | 14.6
Spellcasting   | 3 4 5 6 7 8 9 10 | 10.6
Fighting       | 2 4 6 7 9 |  9.4
Armour         | 2 4 5 |  5.1
Dodging        | 3 5 7 9 10 | 10.5
Stealth        | |  2.0
Conjurations   | |  1.3

Action                   |  1- 3 |  4- 6 |  7- 9 | 10-12 || total
-------------------------+-------+-------+-------+-------++-------
Melee: Kick              |     1 |     1 |     2 |     4 ||     8
       Unarmed           |     1 |       |       |       ||     1
       Dagger            |     4 |     4 |     6 |    22 ||    36
       Peck              |       |     1 |     2 |     6 ||     9
 Cast: Shock             |    77 |    94 |   118 |    39 ||   328
       Airstrike         |       |     5 |    87 |   377 ||   469
  Use: Scroll            |       |       |       |     9 ||     9
       Potion            |       |       |       |     1 ||     1
 Stab: Sleeping          |       |     1 |       |       ||     1
Armor: Robe              |     6 |     1 |     4 |    11 ||    22
Dodge: Dodged            |    12 |    14 |    26 |   127 ||   179

Table legend: (Time is in decaauts)
 A = Elapsed time spent in this place.
 B = Non-inter-level travel time spent in this place.
 C = Inter-level travel time spent in this place.
 D = Time resting spent in this place.
 E = Time spent auto-exploring this place.
 F = Levels seen in this place.
 G = Mean time per level.
                   A        B        C        D        E       F      G
               +--------+--------+--------+--------+--------+-----+--------+
         Total |  18400 |  18007 |    393 |    455 |  15887 |  14 | 1314.3 |
       Dungeon |  12942 |  12662 |    280 |    163 |  11352 |   9 | 1438.0 |
        Temple |    194 |    182 |     12 |      0 |    151 |   1 |  194.0 |
          Lair |   5263 |   5164 |     99 |    292 |   4383 |   4 | 1315.8 |
               +--------+--------+--------+--------+--------+-----+--------+

Top non-repeatable levels by time:
  Lair:2: 2605 daAuts
     D:8: 2001 daAuts
     D:9: 1639 daAuts
     D:3: 1628 daAuts
     D:6: 1453 daAuts
     D:1: 1446 daAuts
  Lair:3: 1344 daAuts
     D:4: 1305 daAuts
     D:7: 1302 daAuts
     D:5: 1283 daAuts
  Lair:1: 1086 daAuts
     D:2: 881 daAuts
  Lair:4: 227 daAuts
  Temple: 194 daAuts
